 Dungeon Crawl Stone Soup version 0.26-a0-708-g17f3b190f9 (webtiles) character file.

Game seed: 9798490327106703901

1756 runemasterragnar the Slasher (level 9, -1/60 HPs)
             Began as an Octopode Fighter on Oct 29, 2020.
             Was a Believer of Dithmenos.
             Slain by a wight
             ... wielding a +2 halberd
              (9 damage)
             ... on level 7 of the Dungeon.
             The game lasted 00:07:30 (7333 turns).

runemasterragnar the Slasher (Octopode Fighter)     Turns: 7333, Time: 00:07:32

Health: -1/60      AC:  3    Str: 16    XL:     9   Next: 6%
Magic:  11/11      EV: 12    Int: 13    God:    Dithmenos [**....]
Gold:   306        SH: 10    Dex: 11    Spells: 8/8 levels left

rFire    . . .     SeeInvis .   a - +0 long sword
rCold    + . .     Faith    .   b - +1 kite shield
rNeg     . . .     Spirit   .   (helmet restricted)
rPois    .         Reflect  .   (no amulet)
rElec    .         Harm     .   f - ring of protection from cold
rCorr    +         Rampage  .   l - ring of resist corrosion
MR       .....     Clarity  +   (no ring)
Stlth    ++++......             (no ring)
HPRegen  0.20/turn              (no ring)
MPRegen  0.12/turn              (no ring)
                                (no ring)
                                (no ring)

@: wreathed by umbra, drained
A: almost no armour, stealthy swim, amphibious, 8 rings, constrict 8, icy blue
scales 1, camouflage 1, clarity, gelatinous body 1, subdued magic 1
a: Shadow Step, Renounce Religion


You were on level 7 of the Dungeon.
You worshipped Dithmenos.
Dithmenos was pleased with you.
You visited 1 branch of the dungeon, and saw 7 of its levels.
You also visited: Sewer.

You collected 306 gold pieces.

Inventory:

Hand Weapons
 a - a +0 long sword (weapon)
 r - a +5 dagger of freezing
 t - a +1 hunting sling of freezing
 B - a +2 short sword of venom
Missiles
 e - 24 poisoned darts (quivered)
 y - 51 sling bullets
Armour
 b - a +1 kite shield (worn)
Jewellery
 f - a ring of protection from cold (left tentacle)
 l - a ring of resist corrosion (right tentacle)
Wands
 d - a wand of polymorph (4)
Scrolls
 g - 2 scrolls of magic mapping
 i - a scroll of noise
 j - 3 scrolls of amnesia
 m - 2 scrolls of teleportation
 n - a scroll of identify
 p - a scroll of enchant weapon
 q - 2 scrolls of remove curse
 s - 3 scrolls of enchant armour
 x - a scroll of fog
 z - a scroll of blinking
Potions
 c - 2 potions of might
 h - a potion of haste {unknown}
 k - a potion of resistance
 o - a potion of lignification
 u - a potion of degeneration {unknown}
 v - 2 potions of curing
 w - 2 potions of heal wounds
 A - a potion of magic {unknown}
 C - 2 potions of brilliance
 D - a potion of ambrosia {unknown}
 E - 2 potions of flight {unknown}


   Skills:
 + Level 4.8(3.9) Fighting
 * Level 5.8(4.9) Long Blades
 + Level 3.5(2.6) Throwing
 + Level 4.7(3.8) Dodging
 + Level 5.2(4.3) Stealth
 + Level 4.9(4.0) Shields
 + Level 3.5(2.6) Unarmed Combat
 + Level 3.2(2.3) Invocations


You had 8 spell levels left.
You didn't know any spells.
Your spell library contained the following spells:

 Spells                   Type           Power        Failure   Level
 Shock                    Conj/Air       #...         73%         1
 Swiftness                Air            #.......     86%         2
 Static Discharge         Conj/Air       #.......     98%         3
 Airstrike                Air            #.........   100%        4
 Lightning Bolt           Conj/Air       #.........   100%        5


Dungeon Overview and Level Annotations

Branches:
Dungeon (7/15)             Temple (0/1) D:4           Sewer (visited)

Altars:
Dithmenos
Fedhas
Kikubaaqudgha
Nemelex Xobeh
Ru
Vehumet


Innate Abilities, Weirdness & Mutations

You cannot wear most types of armour.
You are very stealthy in the water. (Stealth+)
You are amphibious.
You can wear up to eight rings at the same time.
You can use your tentacles to constrict eight enemies at once.
Your skin changes colour to match your surroundings (Stealth+).
Your rubbery body absorbs attacks. (AC +1, EV +1)
You are partially covered in icy blue scales. (AC +2)
You possess an exceptional clarity of mind.
Your spells are a little easier to cast, but a little less powerful.


Message History

You tentacle-slap the wight, but do no damage.
You squeeze the wight!
The wight is severely damaged.
You constrict the wight, but do no damage.
The wight hits you with a +2 long sword of freezing!
You feel drained. The wight freezes you. You block the wight's attack.
You hit the wight. You squeeze the wight.
You destroy the wight!
Dithmenos accepts your kill. You block the wight's attack.
Things that are here:
a +2 long sword of freezing; a +0 robe You hit the wight but do no damage.
You grab the wight.
You constrict the wight, but do no damage.
The wight hits you with a +2 halberd!
* * * LOW HITPOINT WARNING * * *
You feel drained.
* * * LOW HITPOINT WARNING * * *
The wight hits you with a +2 halberd!
You die...

##..# ........
...######.#.#.#.#.#
#......##...(..J..#
#..#......#.#.#.#.
#)..z#.##...... ..
#.###.#...## )#
#)...).....# .#
#######...#####.#
##...z@...#
#.######## #.# #.#
#.# #.# ####.###
#......#
#.##.#.#######


You could see a wight.

Vanquished Creatures
  Duvessa (D:7)
  An ice beast (D:5)
  A sky beast (D:5)
  3 ogres
  A centaur (D:7)
  A bullfrog (D:5)
  A water moccasin zombie (D:5)
  Dowan (D:7)
  A scorpion (D:4)
  4 wights (D:7)
  A hound (D:4)
  A jelly (D:5)
  3 orc wizards
  2 bullfrog skeletons
  2 centaur skeletons
  3 iguanas
  Natasha (thrice) (D:2)
  4 worker ants
  A hound zombie (D:5)
  Robin (D:2)
  11 adders
  A howler monkey skeleton (D:6)
  2 ufetubi
  An ooze (D:1)
  2 worms
  3 dart slugs
  2 leopard geckos
  7 orcs
  A giant cockroach (D:3)
  10 goblins
  10 hobgoblins
  20 jackals
  3 quokkas
  4 ball pythons
  8 bats
  7 frilled lizards
  10 kobolds
  A quokka zombie (D:5)
  5 rats
144 creatures vanquished.

Vanquished Creatures (others)
  13 plants (Sewer)
13 creatures vanquished.

Grand Total: 157 creatures vanquished

Notes
Turn   | Place    | Note
-------+----------+-------------------------------------------
     0 | D:1      | runemasterragnar the Octopode Fighter began the quest for
                  | the Orb.
     0 | D:1      | Reached XP level 1. HP: 16/16 MP: 1/1
   154 | D:1      | Reached XP level 2. HP: 16/21 MP: 2/2
   837 | D:2      | Reached skill level 1 in Stealth
   837 | D:2      | Reached XP level 3. HP: 17/26 MP: 3/3
  1085 | D:2      | Noticed Robin
  1135 | D:2      | Killed Robin
  1135 | D:2      | Reached skill level 1 in Unarmed Combat
  1135 | D:2      | Reached XP level 4. HP: 18/31 MP: 4/4
  1137 | D:2      | Reached skill level 1 in Throwing
  1599 | D:2      | Found a blossoming altar of Fedhas.
  2201 | D:2      | Noticed Natasha
  2207 | D:2      | Killed Natasha
  2207 | D:2      | Reached XP level 5. HP: 30/36 MP: 5/5
  2361 | D:2      | Noticed Natasha
  2369 | D:2      | Killed Natasha
  2463 | D:2      | Noticed Natasha
  2473 | D:2      | Killed Natasha
  2656 | D:2      | Found a shadowy altar of Dithmenos.
  2688 | D:2      | Became a worshipper of Dithmenos the Shadowed
  2742 | D:3      | Found a sparkling altar of Nemelex Xobeh.
  2774 | D:3      | Found a radiant altar of Vehumet.
  2920 | D:3      | Found a sacrificial altar of Ru.
  3238 | D:3      | Reached XP level 6. HP: 35/42 MP: 6/6
  3506 | D:4      | Reached * piety under Dithmenos
  3532 | D:4      | Found a glowing drain.
  3668 | Sewer    | Entered a sewer
  4094 | Sewer    | Reached skill level 1 in Invocations
  4579 | D:4      | Found an ancient bone altar of Kikubaaqudgha.
  4670 | D:4      | Reached ** piety under Dithmenos
  4670 | D:4      | Reached XP level 7. HP: 47/47 MP: 7/7
  5183 | D:4      | Found a staircase to the Ecumenical Temple.
  5261 | D:5      | Entered Level 5 of the Dungeon
  5759 | D:5      | Reached XP level 8. HP: 42/54 MP: 9/9
  5873 | D:5      | Gained mutation: You are occasionally teleported next to
                  | monsters. [potion of mutation]
  5873 | D:5      | Gained mutation: Your mind is acute. (Int +2) [potion of
                  | mutation]
  5873 | D:5      | Gained mutation: You are partially covered in slimy green
                  | scales. (AC +2) [potion of mutation]
  5898 | D:5      | Reached skill level 5 in Long Blades
  6137 | D:5      | Lost mutation: You are partially covered in slimy green
                  | scales. (AC +2) [potion of mutation]
  6137 | D:5      | Lost mutation: You are occasionally teleported next to
                  | monsters. [potion of mutation]
  6137 | D:5      | Lost mutation: Your mind is acute. (Int +2) [potion of
                  | mutation]
  6137 | D:5      | Gained mutation: Your spells are a little easier to cast,
                  | but a little less powerful. [potion of mutation]
  6137 | D:5      | Gained mutation: You possess an exceptional clarity of
                  | mind. [potion of mutation]
  6137 | D:5      | Gained mutation: You are partially covered in icy blue
                  | scales. (AC +2) [potion of mutation]
  7072 | D:7      | Noticed Duvessa
  7072 | D:7      | Noticed Dowan
  7081 | D:7      | Killed Dowan
  7082 | D:7      | Killed Duvessa
  7082 | D:7      | Reached skill level 5 in Stealth
  7310 | D:7      | Reached XP level 9. HP: 45/59 MP: 11/11
  7333 | D:7      | Slain by a wight

Illustrated notes

Levels and vault maps discovered:
D:1:      wander_arrival_fairy_ring, layout_rooms
D:2:      layout_loops_corners, nicolae_dithmenos_through_a_glass_darkly,
          fedhas_ov_isle_minmay, uniq_robin, uniq_natasha
D:3:      layout_rooms, nicolae_overflow_crystal_walls, lemuel_doored_altar,
          old_standard_altar, kennysheep_nondescript, bh_walls_and_bars
D:4:      layout_layer_cave, lemuel_round_altar, minmay_temple_entry_poolview,
          portal_sewer_entry_d
D:5:      layout_loops_ring
D:6:      layout_layer_cave, amethyst_overflow_temple_binary, uniq_pikel
D:7:      layout_loops_corners, serial_glass, glass_columns_c, glass_columns_c,
          uniq_duvessa, uniq_maggie

Skill      XL: |  1  2  3  4  5  6  7  8 |
---------------+-------------------------+-----
Stealth        | 1 2 3 5 |  5.2
Unarmed Combat | 1 2 3 |  3.5
Throwing       | 1 2 3 |  3.5
Long Blades    | 3 4 5 |  5.8
Invocations    | 1 2 3 |  3.2
Shields        | 4 |  4.9
Fighting       | 4 |  4.8
Dodging        | 4 |  4.7

Action                   |  1- 3 |  4- 6 |  7- 9 || total
-------------------------+-------+-------+-------++-------
Melee: Long sword        |    46 |   144 |    57 ||   247
       Constrict         |    18 |    41 |    26 ||    85
       Tentacles         |    11 |    31 |    32 ||    74
       Punch             |       |     1 |     3 ||     4
       Short sword       |       |       |    61 ||    61
 Fire: Hunting sling     |       |    13 |    17 ||    30
  Use: Scroll            |       |     6 |     7 ||    13
       Potion            |       |       |     5 ||     5
 Stab: Sleeping          |     3 |    10 |     7 ||    20
Armor: Skin              |     1 |     9 |    12 ||    22
Dodge: Dodged            |    17 |    78 |    60 ||   155
Block: Kite shield       |    17 |    64 |    49 ||   130
       Rpst.: Long sword |     6 |    29 |     9 ||    44

Table legend: (Time is in decaauts)
 A = Elapsed time spent in this place.
 B = Non-inter-level travel time spent in this place.
 C = Inter-level travel time spent in this place.
 D = Time resting spent in this place.
 E = Time spent auto-exploring this place.
 F = Levels seen in this place.
 G = Mean time per level.
                   A        B        C        D        E       F      G
               +--------+--------+--------+--------+--------+-----+--------+
         Total |   7420 |   7118 |    302 |    433 |   5425 |   8 |  927.5 |
       Dungeon |   6640 |   6338 |    302 |    311 |   4962 |   7 |  948.6 |
         Sewer |    780 |    780 |      0 |    122 |    463 |   1 |  780.0 |
               +--------+--------+--------+--------+--------+-----+--------+

Top non-repeatable levels by time:
     D:2: 1928 daAuts
     D:5: 1373 daAuts
     D:4: 1167 daAuts
     D:1: 827 daAuts
   Sewer: 780 daAuts
     D:3: 701 daAuts
     D:7: 580 daAuts
     D:6: 61 daAuts
